 Dungeon Crawl Stone Soup version 0.23-a0-391-g8c51ad5 (webtiles) character file.

4830 nikopol the Thaumaturge (level 10, -4/51 HPs)
             Began as a Deep Elf Fire Elementalist on Oct 30, 2018.
             Was a Believer of Vehumet.
             Slain by a black mamba (15 damage)
             ... on level 1 of the Lair of Beasts.
             The game lasted 00:26:25 (8299 turns).

nikopol the Thaumaturge (DEFE)                      Turns: 8299, Time: 00:26:26

Health: -4/51      AC:  7    Str:  5    XL:     10   Next: 25%
Magic:  27/37      EV: 13    Int: 24    God:    Vehumet [**....]
Gold:   261        SH:  5    Dex: 15    Spells: 18/33 levels left

rFire    . . .     SeeInvis .   b - +3 dagger
rCold    . . .     Gourm    .   (no shield)
rNeg     . . .     Faith    .   a - +0 robe
rPois    +         Spirit   .   l - +0 helmet
rElec    .         Reflect  +   p - +0 cloak
rCorr    .         Harm     .   (no gloves)
MR       +....                  w - +2 pair of boots
Stlth    +++.......             m - +5 amulet of reflection
HPRegen  0.17/turn              F - ring of poison resistance
MPRegen  0.25/turn              y - ring of magical power

@: no status effects
A: no striking features
a: Renounce Religion


You were on level 1 of the Lair of Beasts.
You worshipped Vehumet.
Vehumet was pleased with you.
You were not hungry.

You visited 3 branches of the dungeon, and saw 10 of its levels.

You collected 408 gold pieces.
You spent 147 gold pieces at shops.

Inventory:

Hand Weapons
 b - a +3 dagger (weapon)
Armour
 a - a +0 robe (worn)
 l - a +0 helmet (worn)
 p - a +0 cloak (worn)
 w - a +2 pair of boots (worn)
Jewellery
 g - an uncursed ring of flight
 m - a +5 amulet of reflection (around neck)
 y - a ring of magical power (right hand)
 F - a ring of poison resistance (left hand)
 I - an uncursed ring of protection from fire
Wands
 s - a wand of flame (19)
 v - a wand of iceblast (14)
 H - a wand of random effects (17)
Scrolls
 d - 2 scrolls of identify
 f - 6 scrolls of remove curse
 h - 7 scrolls of amnesia {unknown}
 i - 2 scrolls of fog {unknown}
 j - 3 scrolls of blinking
 k - a scroll of noise {unknown}
 o - a scroll of immolation {unknown}
 r - 3 scrolls of enchant weapon {unknown}
 t - 4 scrolls of enchant armour {unknown}
 u - 2 scrolls of fear {unknown}
 B - a scroll of torment {unknown}
 E - a scroll of teleportation
Potions
 e - 6 potions of curing
 n - a potion of mutation
 q - 3 potions of might
 x - a potion of resistance
 z - 3 potions of heal wounds
 A - a potion of flight
 C - 2 potions of agility
 G - a potion of lignification {unknown}
Comestibles
 c - 20 rations


   Skills:
 + Level 0.3 Fighting
 + Level 3.2 Dodging
 + Level 4.7 Stealth
 + Level 12.4 Spellcasting
 + Level 7.7 Conjurations
 + Level 10.0 Fire Magic


You had 18 spell levels left.
You knew the following spells:

 Your Spells              Type           Power        Failure   Level  Hunger
a - Flame Tongue          Conj/Fire      #####        1%          1    None
b - Throw Flame           Conj/Fire      ######       1%          2    None
c - Conjure Flame         Conj/Fire      ######..     1%          3    None
d - Sticky Flame          Conj/Fire      ######..     1%          4    None
e - Fireball              Conj/Fire      ######....   3%          5    ###....

Your spell library contained the following spells:

 Spells                   Type           Power        Failure   Level  Hunger
 Sting                    Conj/Pois      ####         1%          1    None
 Inner Flame              Hex/Fire       #####...     1%          3    None


Dungeon Overview and Level Annotations

Branches:
Dungeon (8/15)             Temple (1/1) D:4            Lair (1/6) D:8

Altars:
Cheibriados
Dithmenos
Elyvilon
Fedhas
Gozag
Hepliaklqana
Kikubaaqudgha
Makhleb
Nemelex Xobeh
Okawaru
Ru
Sif Muna
Uskayaw
Vehumet
Wu Jian
Xom
The Shining One

Shops:
D:7 ?

Annotations:
D:6 2 transporters


Message History

The spiny frog burns!
You kill the spiny frog!
Vehumet accepts your kill.
You feel your power returning.
Your Fire Magic skill increases to level 10!
Casting: Sticky Flame (safe; 1% risk of failure)
Confirm with . or Enter, or press ? or * to list all spells.
Aiming: Sticky Flame (safe; 1% risk of failure)
Press: ? - help, Shift-Dir - straight line, f - black mamba
Aim: a black mamba The sticky flame hits the black mamba.
The black mamba is heavily wounded.
The black mamba is covered in liquid flames!
The black mamba burns!
The black mamba bites you. The black mamba bites you!
* * * LOW HITPOINT WARNING * * *
The black mamba burns!
The black mamba barely misses you.
The black mamba burns!
The black mamba bites you but does no damage.
The black mamba burns!
The black mamba bites you!
You die...

#<........ ##.# #.....###
##..# ##...## #..## ###.##
##†.# ###...### ##.##
##.#.###P### #..##
#..........#### ##...###
#..........##.###S.....###
#..........P....@........#
#..............##......#..#
..........(######......# ..
#.(.........# #......# #
#..........## #......#
###P####.### ######## ###
###


You could see a black mamba (burning).

Vanquished Creatures
  A spiny frog (Lair:1)
  Prince Ribbit (D:7)
  Sigmund (D:2)
  4 hogs (D:8)
  A yak (D:8)
  A human (D:8)
  Menkaure (D:7)
  Edmund (D:5)
  A water moccasin (D:8)
  4 porcupines (D:8)
  An orc warrior (D:6)
  2 ice beasts
  Purgy (D:3)
  A phantom (D:7)
  A necrophage (D:5)
  3 ogres
  A crocodile (D:8)
  2 centaurs (D:7)
  A big kobold (D:8)
  3 bullfrogs
  A gnoll sergeant (D:7)
  A scorpion (D:6)
  3 jellies
  3 wights (D:7)
  A howler monkey (D:7)
  A centaur zombie (D:6)
  A hound (D:4)
  2 orc priests
  Crazy Yiuf (D:2)
  10 orc wizards
  An iguana (D:4)
  8 worker ants
  Robin (D:2)
  A howler monkey zombie (D:6)
  4 gnolls (D:7)
  9 adders
  A shadow imp (D:6)
  6 oozes
  2 adder zombies
  2 adder skeletons
  3 dart slugs
  5 leopard geckos
  22 orcs
  6 giant cockroaches
  18 goblins
  10 hobgoblins
  12 jackals
  10 kobolds
  A quokka (D:4)
  A ball python (D:2)
  2 bats (D:1)
  3 frilled lizards
  A jackal skeleton (D:6)
  A quokka skeleton (D:5)
  A quokka zombie (D:5)
  9 rats
196 creatures vanquished.

Vanquished Creatures (others)
  17 fungi
  4 plants (D:8)
21 creatures vanquished.

Grand Total: 217 creatures vanquished

Notes
Turn   | Place    | Note
-------+----------+-------------------------------------------
     0 | D:1      | nikopol the Deep Elf Fire Elementalist began the quest for
                  | the Orb.
     0 | D:1      | Reached XP level 1. HP: 10/10 MP: 6/6
    47 | D:1      | Reached XP level 2. HP: 15/15 MP: 4/8
   314 | D:1      | Reached XP level 3. HP: 19/19 MP: 7/9
   823 | D:2      | Noticed Sigmund
   834 | D:2      | Learned a level 2 spell: Throw Flame
   838 | D:2      | Learned a level 3 spell: Conjure Flame
  1167 | D:2      | Noticed an ice beast
  1198 | D:2      | Killed an ice beast
  1198 | D:2      | Reached skill level 4 in Spellcasting
  1198 | D:2      | Reached XP level 4. HP: 24/24 MP: 0/12
  1198 | D:2      | Reached XP level 5. HP: 28/28 MP: 0/13
  1204 | D:2      | Learned a level 4 spell: Sticky Flame
  1315 | D:2      | Killed Sigmund
  1315 | D:2      | Reached skill level 5 in Spellcasting
  1315 | D:2      | Reached skill level 5 in Fire Magic
  1315 | D:2      | Reached XP level 6. HP: 12/32 MP: 2/15
  1656 | D:2      | Found a snail-covered altar of Cheibriados.
  1741 | D:2      | Noticed Robin
  1772 | D:2      | Killed Robin
  2005 | D:2      | Found a runed door.
  2117 | D:2      | Noticed Crazy Yiuf
  2125 | D:2      | Killed Crazy Yiuf
  2259 | D:3      | Learned a level 5 spell: Fireball
  2270 | D:3      | Found a blossoming altar of Fedhas.
  2564 | D:3      | Reached skill level 6 in Spellcasting
  2766 | D:3      | Noticed Purgy
  2777 | D:3      | Reached XP level 7. HP: 36/36 MP: 15/18
  2783 | D:3      | Killed Purgy
  3360 | D:4      | Reached skill level 7 in Spellcasting
  3689 | D:4      | Found a staircase to the Ecumenical Temple.
  3704 | Temple   | Entered the Ecumenical Temple
  3841 | Temple   | Became a worshipper of Vehumet
  4051 | D:5      | Entered Level 5 of the Dungeon
  4102 | D:5      | Reached skill level 8 in Spellcasting
  4170 | D:5      | Found a shadowy altar of Dithmenos.
  4346 | D:5      | Reached XP level 8. HP: 41/41 MP: 15/22
  4492 | D:5      | Noticed Edmund
  5075 | D:5      | Killed Edmund
  5179 | D:5      | Reached skill level 5 in Conjurations
  5491 | D:6      | Reached skill level 9 in Spellcasting
  5592 | D:6      | Found an opulent altar of Gozag.
  5611 | D:6      | Noticed a kobold demonologist
  5612 | D:6      | Found a transporter.
  5614 | D:6      | Found a transporter.
  5993 | D:6      | Found an ancient bone altar of Kikubaaqudgha.
  5993 | D:6      | Found a hide-covered altar of Uskayaw.
  6084 | D:7      | Found Ulilaami's Magic Scroll Shop.
  6109 | D:7      | Bought a scroll of blinking for 105 gold pieces
  6109 | D:7      | Bought a scroll of teleportation for 42 gold pieces
  6153 | D:7      | Found a shimmering altar of Xom.
  6153 | D:7      | Found a burning altar of Makhleb.
  6254 | D:7      | Reached skill level 10 in Spellcasting
  6342 | D:7      | Reached XP level 9. HP: 40/45 MP: 10/25
  6544 | D:7      | Noticed Prince Ribbit
  6550 | D:7      | Killed Prince Ribbit
  6564 | D:7      | Noticed Menkaure
  6568 | D:7      | Killed Menkaure
  6572 | D:7      | Reached * piety under Vehumet
  6572 | D:7      | Offered knowledge of Sandblast by Vehumet.
  7320 | D:8      | Found a staircase to the Lair.
  7431 | D:8      | Reached skill level 11 in Spellcasting
  7633 | D:8      | Reached XP level 10. HP: 48/51 MP: 27/27
  7810 | D:8      | Found an iron altar of Okawaru.
  7817 | D:8      | Reached ** piety under Vehumet
  7817 | D:8      | Reached skill level 12 in Spellcasting
  7819 | D:8      | Offered knowledge of Sting by Vehumet.
  8246 | Lair:1   | Entered Level 1 of the Lair of Beasts
  8287 | Lair:1   | Noticed a black mamba
  8288 | Lair:1   | Noticed a spiny frog
  8295 | Lair:1   | Killed a spiny frog
  8295 | Lair:1   | Reached skill level 10 in Fire Magic
  8299 | Lair:1   | Slain by a black mamba

Vault maps used:
D:1:      erik_arrival_gehennom
D:2:      lemuel_doored_altar, uniq_robin, uniq_sigmund, uniq_crazy_yiuf_cottage
D:3:      lemuel_round_altar, minmay_misc_feat_tiny, uniq_purgy
D:4:      temple_green
D:5:      overflow_temple_1_default, first_ration, kennysheep_generic_room_15,
          uniq_edmund
D:6:      gammafunk_wand_slinger, grunt_gozag_breadcrumbs,
          gammafunk_temple_overflow_statue, kennysheep_cluttered_room
D:7:      grunt_temple_overflow_champion_of_chaos, serial_shops,
          nicolae_shop_crystal, uniq_menkaure, uniq_prince_ribbit1
D:8:      due_lair_maze_entry_diamond, grunt_livestock, okawaru_trees_2
Temple:   minmay_temple_curvy_branch
Lair:1:   grunt_megastairs_2

Skill      XL: |  1  2  3  4  5  6  7  8  9 10 |
---------------+-------------------------------+-----
Fire Magic     | 4 5 6 7 9 10 | 10.0
Stealth        | 3 4 |  4.7
Spellcasting   | 4 5 6 8 10 11 12 | 12.4
Conjurations   | 2 3 4 6 7 |  7.7
Dodging        | 3 |  3.2
Fighting       | |  0.3

Action                   |  1- 3 |  4- 6 |  7- 9 | 10-12 || total
-------------------------+-------+-------+-------+-------++-------
 Cast: Flame Tongue      |    50 |    92 |   241 |    34 ||   417
       Throw Flame       |     4 |       |     4 |       ||     8
       Conjure Flame     |     1 |     3 |    10 |     2 ||    16
       Sticky Flame      |       |     3 |    32 |    10 ||    45
       Fireball          |       |       |     9 |     1 ||    10
  Use: Scroll            |       |       |    10 |     1 ||    11
  Eat: Chunk             |       |     6 |    17 |     2 ||    25
Armor: Robe              |     1 |     2 |     9 |     3 ||    15
Dodge: Dodged            |     6 |    13 |    26 |     4 ||    49
Block: Other             |       |       |     4 |     3 ||     7
       Reflection        |       |       |       |     1 ||     1

Table legend:
 A = Non-vault XP
 B = Vault XP
 C = Vault XP percentage of total XP
 D = Non-vault monster count
 E = Vault monster count
 F = Vault count percentage of total count
                 A         B        C        D         E       F
            +---------+---------+-------+---------+---------+-------
      Total |    3748 |    3152 |  45.7 |     158 |      38 |  19.4
            +---------+---------+-------+---------+---------+-------
        D:1 |      32 |      19 |  37.3 |      18 |       5 |  21.7
        D:2 |     174 |     290 |  62.5 |      12 |      15 |  55.6
        D:3 |     253 |     132 |  34.3 |      31 |       1 |   3.1
        D:4 |     373 |       0 |   0.0 |      21 |       0 |   0.0
        D:5 |     226 |     298 |  56.9 |      13 |       3 |  18.8
        D:6 |     688 |       0 |   0.0 |      15 |       0 |   0.0
        D:7 |    1073 |     460 |  30.0 |      32 |       2 |   5.9
        D:8 |     552 |    1953 |  78.0 |      15 |      12 |  44.4
     Lair:1 |     377 |       0 |   0.0 |       1 |       0 |   0.0
            +---------+---------+-------+---------+---------+-------
